[Event "Titled Tuesday Blitz March 08 Late 2022"]
[White "Gadimbayli, Abdulla"]
[Black "Bortnyk, Olexandr"]
[WhiteFideId "13404938"]
[BlackFideId "14120828"]
[WhiteElo "2311"]
[BlackElo "2723"]
[Result "0-1"]
[Round "03"]
[TimeControl "180+1"]
[Date "2022.03.08"]
[WhiteClock "0:00:01"]
[BlackClock "0:00:04"]

1. e4 Nf6 2. e5 Nd5 3. d4 d6 4. exd6 exd6 5. Nf3 Be7 6. Bd3 O-O 7. O-O Nb6 8. h3 c5 9. c3 Nc6 10. Nbd2 cxd4 11. cxd4 d5 12. Re1 Be6 13. Nb3 Nd7 14. Bf4 Qb6 15. Rc1 a5 16. Bg5 Bb4 17. Bd2 a4 18. Ng5 h6 19. Nxe6 fxe6 20. Bxb4 Qxb4 21. Qg4 axb3 22. Qxe6+ Rf7 23. Bg6 Rf8 24. Bxf7+ Rxf7 25. Qxd5 Qxd4 26. Qxd4 Nxd4 27. Rcd1 Nc6 28. axb3 Kf8 29. Re3 Nc5 30. Rd5 Na6 31. Rd6 Nab4 32. g4 Rc7 33. Kg2 Ne7 34. Rd8+ Kf7 35. Rf3+ Kg6 36. Rd6+ Kh7 37. Rf7 Kg8 38. Rf3 Nbc6 39. Rfd3 Rc8 40. Rd7 Rb8 41. Rc7 Kf7 42. Rdd7 Ke6 43. Rxb7 Rf8 44. Rdc7 g5 45. b4 Re8 46. Rb6 Kd5 47. b5 Nd4 48. Rd7+ Kc5 49. Rxh6 Nd5 50. Rhd6 Nf4+ 51. Kf1 Nf3 52. Rd1 Rh8 53. Rc7+ Kb4 54. Rc3 Rxh3 55. Rd4+ Kxb5 56. Re3 Rh1# 0-1


[Site "https://www.chess.com"]

[Event "Titled Tuesday Blitz March 08 Late 2022"]
[White "Gaisinsky, Adam"]
[Black "Chyngyz, Sultai"]
[WhiteFideId "2620561"]
[BlackFideId "13803158"]
[WhiteElo "1965"]
[BlackElo "1365"]
[Result "0-1"]
[Round "03"]
[TimeControl "180+1"]
[Date "2022.03.09"]
[WhiteClock "0:00:07"]
[BlackClock "0:00:19"]

1. d4 Nf6 2. Nf3 g6 3. c4 Bg7 4. Nc3 O-O 5. e4 d6 6. h3 e5 7. d5 a5 8. Be3 Na6 9. Nd2 b6 10. g4 Nc5 11. Qc2 Bd7 12. Be2 c6 13. O-O-O cxd5 14. cxd5 Rc8 15. Kb1 Na4 16. Nc4 Nxc3+ 17. bxc3 Qc7 18. Ka1 Rb8 19. Nd2 b5 20. f3 a4 21. a3 Qa5 22. Rb1 Rfc8 23. Rhc1 Ne8 24. h4 Nc7 25. Qb2 Na6 26. h5 Rb7 27. hxg6 hxg6 28. Rc2 Rcb8 29. Bf1 Nc5 30. Qa2 Na6 31. c4 b4 32. axb4 Nxb4 33. Rxb4 Qxb4 34. Rc1 a3 35. c5 Qb2+ 36. Qxb2 axb2+ 37. Kb1 bxc1=Q+ 38. Kxc1 dxc5 39. Nc4 Rb1+ 40. Kc2 Rxf1 41. Bxc5 Rc8 42. Kd3 Rxc5 43. Ne3 Bb5+ 44. Kd2 Rf2+ 45. Ke1 Ra2 46. Kd1 Be2+ 47. Ke1 Bxf3 48. Nd1 Rc1 49. Kf1 Rxd1# 0-1


[Site "https://www.chess.com"]

[Event "Titled Tuesday Blitz March 08 Late 2022"]
[White "Goltseva, Ekaterina"]
[Black "Keymer, Vincent"]
[WhiteFideId "24173770"]
[BlackFideId "12940690"]
[WhiteElo "2140"]
[BlackElo "2557"]
[Result "0-1"]
[Round "03"]
[TimeControl "180+1"]
[Date "2022.03.08"]
[WhiteClock "0:00:01"]
[BlackClock "0:00:44"]

1. d4 Nf6 2. c4 e6 3. Nc3 Bb4 4. g3 O-O 5. Bg2 d5 6. Nf3 dxc4 7. O-O Nc6 8. Qa4 Bd7 9. a3 Bxc3 10. bxc3 Nxd4 11. Qxc4 Nxf3+ 12. Bxf3 Nd5 13. Rd1 Bc6 14. Bb2 Qe8 15. Qh4 Nb6 16. c4 f6 17. c5 Bxf3 18. cxb6 Bxe2 19. Re1 Qb5 20. Qb4 axb6 21. Qxb5 Bxb5 22. Rxe6 Rfe8 23. Rae1 Rxe6 24. Rxe6 Kf7 25. Re1 Rd8 26. Rc1 Bc6 27. Bc3 g5 28. h3 h5 29. Re1 Rd3 30. Bb4 Kg6 31. Kf1 Bf3 32. Rc1 c5 33. Be1 Bd5 34. Rb1 Bb3 35. Ke2 Bc4 36. Rc1 Ba6 0-1


[Site "https://www.chess.com"]

[Event "Titled Tuesday Blitz March 08 Late 2022"]
[White "Gulecyuz, Deniz"]
[Black "Galego, Luis"]
[WhiteFideId "30921341"]
[BlackFideId "1900072"]
[WhiteElo "1923"]
[BlackElo "2516"]
[Result "1/2-1/2"]
[Round "03"]
[TimeControl "180+1"]
[Date "2022.03.09"]
[WhiteClock "0:00:09"]
[BlackClock "0:00:28"]

1. Nf3 Nf6 2. g3 g6 3. Bg2 Bg7 4. c4 O-O 5. Nc3 c6 6. O-O d5 7. d3 dxc4 8. dxc4 Qxd1 9. Rxd1 Nbd7 10. Be3 Ng4 11. Bd2 Nde5 12. Nxe5 Nxe5 13. b3 Rd8 14. Rac1 Bg4 15. h3 Bf5 16. Na4 h5 17. Be3 Nd7 18. Rd2 Kf8 19. Rcd1 Ke8 20. Nc5 Nxc5 21. Bxc5 Rxd2 22. Rxd2 Be5 23. e4 Be6 24. f4 Bc7 25. Be3 a5 26. a4 Rd8 27. Rxd8+ Kxd8 28. Kf2 b5 29. cxb5 cxb5 30. axb5 Bxb3 31. e5 a4 32. b6 Bb8 33. Bc5 Kd7 34. Ke3 f6 35. exf6 exf6 36. h4 Ke6 37. Kd4 Kf5 38. Bf3 Bc2 39. Kc3 Be4 40. Bd1 Bc6 41. Kb4 g5 42. hxg5 fxg5 43. Bxh5 gxf4 44. gxf4 Bxf4 45. Bd1 Bd2+ 46. Kc4 Ke6 47. Bb4 Bf4 48. Bc5 Kd7 49. Kb4 Bd2+ 50. Ka3 Bc1+ 51. Kb4 a3 52. Bb3 Kc8 53. Ka5 Kb7 54. Kb4 Kb8 55. Kc3 Kb7 56. Kc2 Bb2 57. Kb1 Be4+ 58. Ka2 Kc6 59. Bxa3 Bd4 60. Bb2 Bxb6 61. Ba3 Bd4 62. Bb2 Bc5 63. Ba3 Be3 64. Bb2 Kb5 65. Ba3 Bd3 66. Bb2 Bc4 67. Bxc4+ Kxc4 1/2-1/2


[Site "https://www.chess.com"]

[Event "Titled Tuesday Blitz March 08 Late 2022"]
[White "Guliyev, Namig"]
[Black "Romero Ruscalleda, Josep"]
[WhiteFideId "13400363"]
[BlackFideId "2231859"]
[WhiteElo "2487"]
[BlackElo "2307"]
[Result "1-0"]
[Round "03"]
[TimeControl "180+1"]
[Date "2022.03.09"]
[WhiteClock "0:02:17"]
[BlackClock "0:00:06"]

1. d4 g6 2. c4 Bg7 3. Nc3 d6 4. e4 e5 5. Nge2 Nc6 6. Be3 exd4 7. Nxd4 Nge7 8. Be2 O-O 9. O-O f5 10. exf5 Bxd4 11. Bxd4 Nxf5 12. Be3 Nxe3 13. fxe3 Be6 14. b3 Qg5 15. Qd2 Rae8 16. Ne4 Qh4 17. Bd3 Ne5 18. Bc2 Bf5 19. Rf4 Qh6 20. Qd5+ Kh8 21. Raf1 Ng4 22. Qd4+ Ne5 23. c5 dxc5 24. Nxc5 b6 25. Nd3 c5 26. Qc3 Qg7 27. Nxe5 Rxe5 28. e4 Rfe8 29. exf5 gxf5 30. Rxf5 Re2 31. Qxg7+ Kxg7 32. Rf7+ Kh6 33. Rxh7+ Kg5 34. Rf5+ Kg4 35. Rg7+ Kh4 36. g3+ Kh3 37. Rh5# 1-0


[Site "https://www.chess.com"]

[Event "Titled Tuesday Blitz March 08 Late 2022"]
[White "Hamitevici, Vladimir"]
[Black "Ladan, Nicholas"]
[WhiteFideId "13902393"]
[BlackFideId "30918855"]
[WhiteElo "2590"]
[BlackElo "2393"]
[Result "1-0"]
[Round "03"]
[TimeControl "180+1"]
[Date "2022.03.09"]
[WhiteClock "0:00:32"]
[BlackClock "0:00:04"]

1. Nf3 d5 2. b3 Bg4 3. Bb2 e6 4. g3 c5 5. Bg2 Nf6 6. c4 Nc6 7. Ne5 Nxe5 8. Bxe5 Bd6 9. Bb2 O-O 10. O-O Rb8 11. d3 b5 12. cxd5 exd5 13. Nd2 Re8 14. Re1 Be5 15. Bxe5 Rxe5 16. Nf3 Re7 17. Qc1 Qd6 18. Qa3 Qb6 19. Rac1 b4 20. Qb2 Rbe8 21. d4 cxd4 22. Nxd4 Bd7 23. e3 Ne4 24. Ne2 Bb5 25. Nf4 Nc3 26. Nxd5 Nxd5 27. Bxd5 h5 28. Red1 h4 29. Qd4 hxg3 30. hxg3 Qa5 31. Rc5 a6 32. Bc4 Qxa2 33. Rg5 Re5 34. Rxe5 Rxe5 35. Qxe5 Bxc4 36. Rd8+ Kh7 37. Qh5# 1-0


[Site "https://www.chess.com"]

[Event "Titled Tuesday Blitz March 08 Late 2022"]
[White "Hnydiuk, Aleksander"]
[Black "Ardila, Oscar Humberto"]
[WhiteFideId "1109057"]
[BlackFideId "4404742"]
[WhiteElo "2374"]
[BlackElo "1966"]
[Result "1-0"]
[Round "03"]
[TimeControl "180+1"]
[Date "2022.03.09"]
[WhiteClock "0:01:17"]
[BlackClock "0:00:44"]

1. Nf3 Nf6 2. c4 e6 3. g3 Be7 4. Bg2 O-O 5. O-O d6 6. d4 Nbd7 7. Nc3 c5 8. e4 cxd4 9. Nxd4 a6 10. Be3 Qc7 11. Rc1 Rb8 12. f4 b6 13. b3 Bb7 14. f5 e5 15. Nd5 Nxd5 16. cxd5 Qd8 17. Nc6 Qe8 18. Nxb8 Qxb8 19. Qd2 h6 20. Rc2 a5 21. Rfc1 Nc5 22. Rc3 Qd8 23. a3 a4 24. bxa4 Bg5 25. Bxg5 Qxg5 26. Qxg5 hxg5 27. Rb1 Ra8 28. Rxb6 Ra6 29. Rxa6 Bxa6 30. a5 Kf8 31. Bf1 Bxf1 32. Kxf1 Nxe4 33. Rc8+ Ke7 34. a6 Kd7 35. a7 Kxc8 36. a8=Q+ Kd7 37. Qb7+ 1-0


[Site "https://www.chess.com"]

[Event "Titled Tuesday Blitz March 08 Late 2022"]
[White "Hryshchenko, Kamila"]
[Black "Ibarra Jerez, Jose Carlos"]
[WhiteFideId "14147491"]
[BlackFideId "2226332"]
[WhiteElo "1929"]
[BlackElo "2626"]
[Result "0-1"]
[Round "03"]
[TimeControl "180+1"]
[Date "2022.03.08"]
[WhiteClock "0:00:13"]
[BlackClock "0:00:14"]

1. e4 c5 2. Nf3 e6 3. Be2 Nc6 4. d4 cxd4 5. Nxd4 Nf6 6. Nc3 Bb4 7. O-O Bxc3 8. bxc3 Nxe4 9. Bd3 d5 10. Nxc6 bxc6 11. Ba3 c5 12. Bxe4 dxe4 13. Qxd8+ Kxd8 14. Bxc5 f6 15. Rfd1+ Ke8 16. Rab1 Kf7 17. h3 e5 18. a4 Re8 19. a5 h5 20. Rd6 Re6 21. Rd8 Re8 22. Rxe8 Kxe8 23. Rb4 Ba6 24. Rxe4 Rc8 25. Bxa7 Rxc3 26. f4 Rxc2 27. fxe5 Bb7 28. Rb4 Bxg2 29. exf6 gxf6 30. Bf2 Bc6 31. a6 Ra2 32. a7 Kd7 33. Rf4 Ke6 34. Kh2 h4 35. Rxh4 Rxf2+ 36. Kg3 Rf3+ 37. Kg4 Ra3 38. Rh7 Bd7 39. h4 Rxa7 40. h5 Ke5+ 41. Kg3 Ra3+ 42. Kf2 Bf5 43. Rb7 Rh3 44. Rb5+ Kf4 45. Rb6 Kg5 46. Rb5 Rxh5 47. Kg3 Rh3+ 48. Kg2 Ra3 49. Rb4 Bg4 50. Kf2 f5 51. Kg2 f4 52. Kf2 Ra2+ 53. Kg1 Rd2 54. Kf1 Bf3 55. Ke1 Re2+ 56. Kf1 Ra2 57. Ke1 Kg4 58. Kf1 Kg3 59. Ke1 Re2+ 60. Kf1 Rd2 61. Rb1 Rh2 62. Ke1 Rh1+ 0-1


[Site "https://www.chess.com"]

[Event "Titled Tuesday Blitz March 08 Late 2022"]
[White "Jaferian, Koosha"]
[Black "Moral Garcia, Serafin"]
[WhiteFideId "12507440"]
[BlackFideId "2201925"]
[WhiteElo "2623"]
[BlackElo "2441"]
[Result "1/2-1/2"]
[Round "03"]
[TimeControl "180+1"]
[Date "2022.03.09"]
[WhiteClock "0:00:30"]
[BlackClock "0:00:56"]

1. Nf3 Nf6 2. b3 g6 3. Bb2 Bg7 4. g3 d6 5. d4 O-O 6. Bg2 c5 7. c4 Ne4 8. O-O Nc6 9. e3 Bf5 10. Nc3 Nxc3 11. Bxc3 Be4 12. Qd2 Qd7 13. d5 Bxc3 14. Qxc3 Nd8 15. Nd2 Bxg2 16. Kxg2 b5 17. e4 e6 18. h4 f5 19. h5 exd5 20. exd5 b4 21. Qb2 Qg7 22. Qxg7+ Kxg7 23. Nf3 Nf7 24. a3 a5 25. Rfe1 a4 26. axb4 axb3 27. bxc5 dxc5 28. Rxa8 Rxa8 29. hxg6 hxg6 30. Rb1 Rb8 31. Rb2 Nd6 32. Nd2 Rb4 33. Rxb3 Rxb3 34. Nxb3 Nxc4 35. Nxc5 Kf6 36. Nd3 g5 37. Kf3 Nb6 38. d6 Ke6 39. g4 fxg4+ 40. Kxg4 Kxd6 41. Kxg5 Ke6 42. f4 Nd5 43. f5+ Kf7 44. Ne5+ Kg7 45. Ng4 Kf7 46. Nh6+ Kg7 47. Ng4 Kf7 48. Ne5+ Kg7 49. Nd7 Kf7 50. Nc5 Kg7 51. Ne6+ Kf7 52. Nc7 Nxc7 53. f6 1/2-1/2


[Site "https://www.chess.com"]

[Event "Titled Tuesday Blitz March 08 Late 2022"]
[White "Jakubowska, Anna"]
[Black "Golubev, Mikhail"]
[WhiteFideId "1121952"]
[BlackFideId "14100983"]
[WhiteElo "1924"]
[BlackElo "2374"]
[Result "1-0"]
[Round "03"]
[TimeControl "180+1"]
[Date "2022.03.09"]
[WhiteClock "0:00:10"]
[BlackClock "0:00:01"]

1. e4 g6 2. d4 Bg7 3. Nc3 c6 4. Be3 b5 5. a3 d6 6. Qd2 Bb7 7. Bd3 Nd7 8. Nge2 a6 9. h4 c5 10. b3 cxd4 11. Nxd4 h5 12. Rd1 Ngf6 13. f3 Rc8 14. Bg5 Qa5 15. Nde2 Qxa3 16. O-O Qc5+ 17. Be3 Qc7 18. Nd5 Bxd5 19. exd5 Nxd5 20. Bf2 N5f6 21. c4 bxc4 22. Bxc4 a5 23. Nf4 Bh6 24. Be3 d5 25. Nxd5 Bxe3+ 26. Nxe3 O-O 27. Qd3 Ra8 28. Qxg6+ Kh8 29. Qh6+ Nh7 30. Nf5 Qc5+ 31. Ne3 1-0


[Site "https://www.chess.com"]

[Event "Titled Tuesday Blitz March 08 Late 2022"]
[White "Kaganskiy, Gleb"]
[Black "Vusatiuk, Vladimir"]
[WhiteFideId "4132025"]
[BlackFideId "14118610"]
[WhiteElo "2298"]
[BlackElo "2554"]
[Result "0-1"]
[Round "03"]
[TimeControl "180+1"]
[Date "2022.03.09"]
[WhiteClock "0:00:02"]
[BlackClock "0:00:03"]

1. e4 c5 2. Nf3 Nc6 3. Bb5 g6 4. Bxc6 dxc6 5. d3 Qc7 6. h3 e5 7. Be3 Nf6 8. Qd2 Nh5 9. Qc3 f6 10. g4 Nf4 11. Bxf4 exf4 12. g5 Bd6 13. gxf6 O-O 14. Nbd2 b5 15. Kf1 Re8 16. Re1 b4 17. Qb3+ Be6 18. Nc4 a5 19. a4 bxa3 20. bxa3 Bf8 21. Qc3 h6 22. e5 Bd5 23. Ncd2 Qd7 24. Ne4 Qf5 25. Qd2 c4 26. Qc3 cxd3 27. cxd3 Rab8 28. Qxa5 Rb3 29. Qa6 Qe6 30. h4 Rxd3 0-1


[Site "https://www.chess.com"]

[Event "Titled Tuesday Blitz March 08 Late 2022"]
[White "Kanyamarala, Trisha"]
[Black "Pinheiro, Iung Alicio de O."]
[WhiteFideId "45004722"]
[BlackFideId "2104350"]
[WhiteElo "2433"]
[BlackElo "2610"]
[Result "0-1"]
[Round "03"]
[TimeControl "180+1"]
[Date "2022.03.09"]
[WhiteClock "0:00:10"]
[BlackClock "0:00:14"]

1. c4 c5 2. Nc3 g6 3. Nf3 Bg7 4. g3 Nc6 5. Bg2 d6 6. O-O Be6 7. d3 Qc8 8. Re1 Bh3 9. Bh1 h5 10. a3 h4 11. Rb1 hxg3 12. fxg3 Qf5 13. Nd5 O-O-O 14. b4 cxb4 15. axb4 Bg4 16. Ne3 Qh5 17. Nxg4 Qxg4 18. b5 Nd4 19. Be3 Qh3 20. Bxd4 Bxd4+ 21. e3 Bb6 22. d4 Nf6 23. Bg2 Qh5 24. Qc2 Kb8 25. Rbc1 Rc8 26. Nd2 Qxh2+ 27. Kf1 Qxg3 28. Ne4 Qh4 29. Nxf6 Qxf6+ 30. Kg1 e5 31. Qe4 Qe7 32. Rf1 f5 33. Qd5 exd4 34. exd4 Qg7 35. Qxd6+ Bc7 36. Qd5 Bh2+ 37. Kf2 Rcd8 38. Qc5 Rxd4 39. Rcd1 Be5 40. Rfe1 Rhd8 41. Bf3 Rd2+ 42. Rxd2 Rxd2+ 43. Kf1 Bc7 44. Re8+ Rd8 0-1


[Site "https://www.chess.com"]

[Event "Titled Tuesday Blitz March 08 Late 2022"]
[White "Karttunen, Mika"]
[Black "Martinez Reyes, Pedro Ramon"]
[WhiteFideId "502081"]
[BlackFideId "3901807"]
[WhiteElo "2671"]
[BlackElo "2451"]
[Result "1-0"]
[Round "03"]
[TimeControl "180+1"]
[Date "2022.03.09"]
[WhiteClock "0:00:10"]
[BlackClock "0:00:21"]

1. d4 d5 2. c4 Nf6 3. cxd5 c6 4. dxc6 Nxc6 5. e3 e5 6. Nf3 Bg4 7. Bb5 Bb4+ 8. Bd2 Qa5 9. Bxc6+ bxc6 10. a3 Bxd2+ 11. Qxd2 Qxd2+ 12. Nbxd2 exd4 13. Nxd4 c5 14. Nb5 O-O 15. Nd6 Rab8 16. N6c4 Rfd8 17. O-O Rd3 18. f3 Be6 19. Rfe1 Rbd8 20. Re2 Nd5 21. Kf2 f5 22. Rc1 f4 23. Ne4 fxe3+ 24. Nxe3 Nf4 25. Rec2 Bb3 26. Rc3 c4 27. Nxc4 Bxc4 28. Rxc4 Rb3 29. R1c2 Nd3+ 30. Kg3 Nxb2 31. Rb4 Rxb4 32. axb4 Nd3 33. b5 Rd7 34. h4 Ne5 35. Rc5 Nd3 36. Rc8+ Kf7 37. Ng5+ Kg6 38. Rb8 h6 39. Ne4 Ne5 40. Re8 Nc4 41. Re6+ Kh7 42. Rc6 Ne5 43. Ra6 Nd3 44. h5 Rb7 45. Nd6 Rd7 46. Kh4 Nc5 47. Rc6 Ne6 48. Nf5 Ng5 49. Kg3 Rb7 50. Rc5 Ne6 51. Re5 Nc7 52. Re7 Rxb5 53. Rxg7+ Kh8 54. Rxc7 Rxf5 55. Rxa7 Rxh5 56. Kf4 Rg5 57. g4 Rg8 58. Kf5 Rf8+ 59. Kg6 Kg8 60. Rg7+ Kh8 61. Rf7 Rg8+ 62. Kxh6 Ra8 63. Rh7+ Kg8 64. Rg7+ Kf8 65. Rg5 Ra1 66. Rf5+ Kg8 67. Kg6 Ra6+ 68. Rf6 Ra1 69. g5 Rg1 70. f4 Kh8 71. Rb6 Rb1 72. Rxb1 1-0


[Site "https://www.chess.com"]

[Event "Titled Tuesday Blitz March 08 Late 2022"]
[White "Koellner, Ruben Gideon"]
[Black "Zivkovic, Nemanja"]
[WhiteFideId "12993093"]
[BlackFideId "942154"]
[WhiteElo "2400"]
[BlackElo "2591"]
[Result "1/2-1/2"]
[Round "03"]
[TimeControl "180+1"]
[Date "2022.03.09"]
[WhiteClock "0:00:07"]
[BlackClock "0:00:16"]

1. d4 Nf6 2. Bg5 d5 3. e3 Ne4 4. Bf4 c5 5. Bd3 Nf6 6. c3 Nc6 7. Nd2 e6 8. Ngf3 Bd6 9. Bg3 O-O 10. Ne5 Qe7 11. f4 Nd7 12. O-O f6 13. Nxd7 Bxd7 14. Bh4 Qe8 15. Qf3 Ne7 16. Qh3 f5 17. Nf3 Bb5 18. Bxb5 Qxb5 19. Bxe7 Bxe7 20. Rf2 a5 21. g4 a4 22. gxf5 Rxf5 23. a3 Qe8 24. Rg2 Kh8 25. Kh1 b6 26. Rag1 Bf6 27. Ne5 Bxe5 28. dxe5 Ra7 29. Rg4 Rh5 30. Qg3 Qf7 31. Qg2 g6 32. Qe2 Rh3 33. R4g3 Rxg3 34. hxg3 Qf5 35. g4 Qe4+ 36. Kh2 h5 37. gxh5 Rh7 38. Rg5 d4 39. cxd4 cxd4 40. Kg3 gxh5 41. Rxh5 dxe3 42. Rxh7+ Kxh7 43. Qh5+ Kg7 44. Qg5+ Kh7 45. Qe7+ Kh8 46. Qf6+ Kh7 47. Qf7+ Kh8 48. Qh5+ Kg7 49. Qe2 Kf7 50. Qh5+ Ke7 51. Qe2 Kd8 52. Kg4 Kc7 53. Kg3 Kb7 54. Qf3 Qd5 55. Qxd5+ exd5 56. Kf3 d4 57. f5 Kc6 58. Ke2 Kd5 59. e6 Kd6 60. Kd3 Ke7 61. Ke2 b5 62. Kd3 Kf6 63. Ke2 Ke7 64. Kd3 Kf6 65. Ke2 Ke7 1/2-1/2


[Site "https://www.chess.com"]

[Event "Titled Tuesday Blitz March 08 Late 2022"]
[White "Kostiukov, Alexandr"]
[Black "Ljukin, Sergei"]
[WhiteFideId "14108100"]
[BlackFideId "14102200"]
[WhiteElo "2202"]
[BlackElo "2312"]
[Result "0-1"]
[Round "03"]
[TimeControl "180+1"]
[Date "2022.03.09"]
[WhiteClock "0:00:06"]
[BlackClock "0:00:53"]

1. g3 d5 2. Bg2 e5 3. c4 d4 4. d3 Nc6 5. Nf3 Bd6 6. O-O Nf6 7. Na3 O-O 8. Nc2 Bg4 9. h3 Bh5 10. g4 Bg6 11. e3 dxe3 12. Bxe3 Be7 13. Nfe1 h5 14. g5 Nd7 15. Qd2 Nc5 16. Rd1 Nd4 17. b4 Nce6 18. h4 c6 19. Nf3 f6 20. Bxd4 Nxd4 21. Ncxd4 exd4 22. a4 fxg5 23. hxg5 Bd6 24. Nxd4 Bf4 25. Ne6 Qd6 26. Nxf4 Rxf4 0-1


[Site "https://www.chess.com"]

[Event "Titled Tuesday Blitz March 08 Late 2022"]
[White "Koutlas, Nikolaos"]
[Black "Maltsevskaya, Aleksandra"]
[WhiteFideId "25827138"]
[BlackFideId "24174041"]
[WhiteElo "2433"]
[BlackElo "2617"]
[Result "1-0"]
[Round "03"]
[TimeControl "180+1"]
[Date "2022.03.09"]
[WhiteClock "0:00:12"]
[BlackClock "0:00:06"]

1. c4 Nf6 2. Nc3 g6 3. e4 d6 4. g3 Bg7 5. Bg2 O-O 6. Nge2 Nbd7 7. O-O e5 8. f4 c6 9. d3 d5 10. exd5 cxd5 11. Nxd5 Nxd5 12. Bxd5 Nc5 13. Be3 Qc7 14. Nc3 Bh3 15. Rf2 Rad8 16. fxe5 Bxe5 17. d4 Bxg3 18. dxc5 Bxf2+ 19. Bxf2 Be6 20. Bd4 Qf4 21. Ne4 Rfe8 22. Nf6+ Kf8 23. Nxh7+ Kg8 24. Nf6+ Kf8 25. Nxe8 Bxd5 26. cxd5 Qg5+ 27. Kf2 Rxd5 28. Nd6 Qh4+ 29. Ke3 Qh3+ 30. Ke4 Qe6+ 31. Kd3 b6 32. b4 bxc5 33. bxc5 Qh3+ 34. Kc4 Qe6 35. Kc3 a5 36. Qe1 Qh3+ 37. Qe3 Qd7 38. Qe8+ Qxe8 39. Nxe8 Kxe8 40. Kc4 Rf5 41. Re1+ Kd7 42. Kb5 Kc7 43. Re7+ Kd8 44. Ra7 Rd5 45. Bf6+ Kc8 46. Kc6 Kb8 47. Kxd5 Kxa7 48. Kc6 a4 49. Kd7 1-0


[Site "https://www.chess.com"]

[Event "Titled Tuesday Blitz March 08 Late 2022"]
[White "Kozina, Anastasia"]
[Black "Bellissimo, Joseph F."]
[WhiteFideId "24174017"]
[BlackFideId "2609843"]
[WhiteElo "1993"]
[BlackElo "2061"]
[Result "0-1"]
[Round "03"]
[TimeControl "180+1"]
[Date "2022.03.09"]
[WhiteClock "0:00:02"]
[BlackClock "0:00:07"]

1. e4 e6 2. d4 d5 3. Nd2 Nf6 4. e5 Nfd7 5. Bd3 c5 6. c3 Nc6 7. Ne2 cxd4 8. cxd4 f6 9. exf6 Qxf6 10. Nf3 h6 11. O-O Bd6 12. a3 O-O 13. Bb1 Rd8 14. Be3 Nf8 15. Qd2 Bd7 16. Bf4 Be8 17. Bxd6 Rxd6 18. Nf4 Ng6 19. Nh5 Qe7 20. Re1 Rad8 21. Qe3 Na5 22. b3 Rb6 23. Bc2 Rc8 24. Qd3 Rbc6 25. Ra2 Rc3 26. Qd2 Nxb3 27. Bxb3 Rxb3 28. Nf4 Nxf4 29. Qxf4 Bg6 30. Rae2 Rf8 31. Qe5 Be4 32. Nd2 Rxa3 33. Nxe4 dxe4 34. Qxe4 Ra4 35. Qe3 Qf6 36. Qb3 Rxd4 37. Qxb7 a5 38. Qb6 Rf4 39. g3 Rf3 40. Rxe6 Qc3 41. R6e2 Kh8 42. Qe6 a4 43. Qa6 a3 44. Qa4 Rxf2 0-1


[Site "https://www.chess.com"]

[Event "Titled Tuesday Blitz March 08 Late 2022"]
[White "Kujawski, Adam"]
[Black "Denishev, Marat"]
[WhiteFideId "1100920"]
[BlackFideId "24131563"]
[WhiteElo "2336"]
[BlackElo "2561"]
[Result "1-0"]
[Round "03"]
[TimeControl "180+1"]
[Date "2022.03.09"]
[WhiteClock "0:00:04"]
[BlackClock "0:00:03"]

1. e4 c6 2. d4 d5 3. Nc3 dxe4 4. Nxe4 Nf6 5. Nxf6+ exf6 6. Bc4 Bd6 7. Qe2+ Qe7 8. Qxe7+ Bxe7 9. Ne2 Bf5 10. c3 Nd7 11. Bd2 Nb6 12. Bb3 a5 13. Ng3 Be6 14. Bxe6 fxe6 15. b3 a4 16. Ke2 Kf7 17. Kd3 Rhd8 18. Kc2 Rd5 19. Ne2 c5 20. c4 Rd7 21. Bc3 Rc8 22. Rhd1 Rdd8 23. f3 Nd7 24. d5 Nf8 25. Rab1 a3 26. Nf4 e5 27. Nd3 Bd6 28. g4 Ng6 29. Rf1 Re8 30. Rbe1 Rb8 31. Nf2 Bc7 32. Ne4 b6 33. Ng3 Nf4 34. Nf5 g6 35. Ne3 b5 36. Bd2 Red8 37. Bc3 h5 38. h4 hxg4 39. fxg4 Rh8 40. Rh1 Bd6 41. g5 fxg5 42. hxg5 Rbe8 43. Ng4 bxc4 44. bxc4 Rh5 45. Nf6 Rxh1 46. Rxh1 Rb8 47. Rh7+ Kf8 48. Rh8+ Kf7 49. Rxb8 Bxb8 50. Ne4 Ba7 51. Bxe5 Ne2 52. Kd3 Ng1 53. Nd6+ Ke7 54. Nc8+ Kd7 55. Nxa7 Nf3 56. Bf6 Nd4 57. Nc6 1-0


[Site "https://www.chess.com"]

[Event "Titled Tuesday Blitz March 08 Late 2022"]
[White "Kushko, Dmitriy"]
[Black "Kosakowski, Jakub"]
[WhiteFideId "14162261"]
[BlackFideId "1185080"]
[WhiteElo "2225"]
[BlackElo "2476"]
[Result "0-1"]
[Round "03"]
[TimeControl "180+1"]
[Date "2022.03.08"]
[WhiteClock "0:00:02"]
[BlackClock "0:00:07"]

1. Nf3 d5 2. g3 Nd7 3. d4 Nb6 4. Bg2 Bf5 5. O-O h6 6. Ne5 e6 7. c4 c6 8. Nc3 Nf6 9. f3 Be7 10. cxd5 cxd5 11. e4 Bh7 12. a4 a5 13. Be3 O-O 14. Bf2 Rc8 15. Qb3 Bb4 16. Rfe1 Ne8 17. exd5 Nxd5 18. Nxd5 Bxe1 19. Rxe1 Qxd5 20. Qxd5 exd5 21. Nd7 Nd6 22. Nxf8 Kxf8 23. g4 Rc2 24. Bg3 Ne8 25. f4 Be4 26. Bxe4 dxe4 27. Rxe4 Rxb2 28. d5 Nf6 29. Rd4 Rb4 30. Rd3 Ke8 31. d6 Kd7 32. f5 Rxg4 33. Rb3 Rb4 34. Rc3 Nd5 35. Rc5 Rd4 36. Rxa5 h5 37. h3 Rd3 38. Kf1 Rxg3 39. Rxd5 Rxh3 40. a5 Rb3 41. Kg2 f6 42. Kh2 Ra3 43. Kg2 Re3 44. Kh2 Re5 45. Rxe5 fxe5 0-1


[Site "https://www.chess.com"]

[Event "Titled Tuesday Blitz March 08 Late 2022"]
[White "Lopez Del Alamo, Antonio"]
[Black "Jacobson, Aaron"]
[WhiteFideId "2227339"]
[BlackFideId "2089912"]
[WhiteElo "2302"]
[BlackElo "2556"]
[Result "1-0"]
[Round "03"]
[TimeControl "180+1"]
[Date "2022.03.09"]
[WhiteClock "0:00:23"]
[BlackClock "0:00:04"]

1. e4 d5 2. exd5 Nf6 3. d4 Bg4 4. Be2 Bxe2 5. Qxe2 Qxd5 6. Nf3 e6 7. O-O Nc6 8. c4 Nxd4 9. Nxd4 Qxd4 10. Rd1 Qg4 11. f3 Bc5+ 12. Kh1 Qh5 13. Nc3 O-O 14. Bf4 c6 15. Be5 Rfd8 16. Bxf6 gxf6 17. Ne4 Be7 18. Rxd8+ Rxd8 19. Rd1 Qa5 20. a3 f5 21. Ng3 Rxd1+ 22. Qxd1 Qd8 23. Qc2 Qd4 24. Ne2 Qf2 25. Qd1 h5 26. h3 Kf8 27. Nf4 h4 28. b4 Ke8 29. Nd3 Qe3 30. c5 Bd8 31. f4 Bc7 32. Ne5 Bxe5 33. fxe5 Qxe5 34. Qh5 Qe1+ 35. Kh2 Qg3+ 36. Kh1 Ke7 37. Qd1 Qxa3 38. Qd6+ Kf6 39. Qd8+ Ke5 40. Qc7+ Ke4 41. Qxb7 Qa1+ 42. Kh2 Qe5+ 43. Kh1 Qa1+ 44. Kh2 Qa4 45. b5 Kf4 46. Qxc6 Kg5 47. Qd6 Qxb5 48. c6 Qb6 49. Qe7+ Kg6 50. c7 Qf2 51. Qd6 f4 52. Qd3+ f5 53. c8=Q 1-0


[Site "https://www.chess.com"]

[Event "Titled Tuesday Blitz March 08 Late 2022"]
[White "Maghsoodloo, Parham"]
[Black "Manukyan, Sargis A."]
[WhiteFideId "12539929"]
[BlackFideId "13303970"]
[WhiteElo "2630"]
[BlackElo "2187"]
[Result "1-0"]
[Round "03"]
[TimeControl "180+1"]
[Date "2022.03.08"]
[WhiteClock "0:00:06"]
[BlackClock "0:00:10"]

1. Nf3 d5 2. d4 e6 3. c4 Nf6 4. g3 Be7 5. Bg2 O-O 6. O-O dxc4 7. Qc2 a6 8. a4 Bd7 9. Bg5 Bc6 10. Rd1 Bxf3 11. Bxf3 Nc6 12. e3 Na5 13. Nd2 c5 14. dxc5 Qc7 15. Bxf6 Bxf6 16. Ne4 Be7 17. Qc3 f5 18. Nd6 Qxc5 19. b4 Qc7 20. bxa5 Bxd6 21. Rac1 Rac8 22. Be2 Qe7 23. Bxc4 Rc7 24. Qb3 Kf7 25. Bxe6+ Qxe6 26. Rxc7+ Bxc7 27. Rd7+ Kf6 28. Qxe6+ Kxe6 29. Rxc7 Rf7 30. Rxf7 Kxf7 31. f3 Ke6 32. Kf1 Kd5 33. Ke2 Kc4 34. e4 fxe4 35. fxe4 Kb4 36. e5 Kc5 37. Ke3 Kd5 38. Kf4 g6 39. h4 h6 40. g4 h5 41. gxh5 gxh5 42. Kf5 Kc5 43. e6 Kd6 44. Kf6 b5 45. axb6 Kc6 46. e7 a5 47. e8=Q+ Kb7 48. Qd7+ Ka6 49. Qa7# 1-0


[Site "https://www.chess.com"]

[Event "Titled Tuesday Blitz March 08 Late 2022"]
[White "Makarian, Rudik"]
[Black "orkinyo12345"]
[WhiteFideId "44105681"]
[WhiteElo "2388"]
[BlackElo "2511"]
[Result "1-0"]
[Round "03"]
[TimeControl "180+1"]
[Date "2022.03.08"]
[WhiteClock "0:01:48"]
[BlackClock "0:00:37"]

1. Nf3 Nf6 2. c4 g6 3. Nc3 d5 4. cxd5 Nxd5 5. Qc2 Bg7 6. e4 Nb4 7. Qa4+ N4c6 8. d4 Bd7 9. Qd1 e5 10. Bg5 f6 11. Be3 exd4 12. Nxd4 O-O 13. Bc4+ Kh8 14. O-O Nxd4 15. Qxd4 Nc6 16. Qd2 Ne5 17. Bd5 f5 18. f4 Ng4 19. e5 g5 20. fxg5 Bxe5 21. Bd4 c5 22. Bxe5+ Nxe5 23. Rae1 Ng4 24. h3 1-0


[Site "https://www.chess.com"]